Map: Eastwatch LE

Players

Subwayeatn

  • Race: Zerg Zerg
  • League: Platinum
  • Spawn Location: 7:00

GrandNewbian - Winner!

  • Race: Terran Terran
  • League: Platinum
  • Spawn Location: 1:00

VOD

Have the link to the VOD?

Description

Time

  • Played on: April 25, 2018, 4:26 p.m.
  • Length: 12:05
Show
View Real Time Build Order
Export as new Build Order

Subwayeatn Zerg 

Build Orders: Hatch First 

Get SALT Encoding   

  12  0:01  Drone  
  13  0:17  Overlord  
  13  0:23  Drone  
  14  0:35  Drone x2  
  16  0:50  Hatchery  
  16  0:54  Drone  
  16  0:57  Extractor  
  16  0:59  Drone  
  16  1:13  Spawning Pool  
  16  1:18  Drone  
  16  1:24  Drone  
  16  1:25  Drone  
  18  1:40  Overlord  
  18  1:49  Drone  
  19  1:59  Metabolic Boost  
  19  2:06  Zergling x4  
  21  2:15  Zergling x4  
  23  2:18  Queen  
  23  2:20  Queen  
  27  2:28  Drone x3  
  34  3:12  Drone x4  
  34  3:13  Drone x2  
  36  3:27  Hatchery, Overlord  
  35  3:48  Evolution Chamber  
  35  3:50  Evolution Chamber  
  33  3:56  Spine Crawler  
  32  4:06  Extractor  
  32  4:07  Drone x3  
  32  4:08  Drone  
  35  4:12  Drone x9  
  44  4:26  Extractor  
  44  4:27  Extractor, Drone x2  
  44  4:40  Queen  
  44  4:44  Drone  
  44  4:45  Drone x3  
  49  4:47  Overlord  
  49  4:48  Overlord  
  49  4:49  Overlord  
  50  4:55  Zerg Melee Weapons Level 1  
  49  5:14  Zergling x8  
  49  5:15  Zergling x8  
  56  5:39  Zergling x14  
  60  5:46  Spine Crawler  
  60  5:47  Spore Crawler  
  60  5:48  Spore Crawler  
  48  5:50  Spore Crawler  
  47  6:02  Lair  
  47  6:03  Overlord  
  47  6:09  Pneumatized Carapace  
  47  6:16  Spore Crawler  
  46  6:29  Zergling x8  
  46  6:30  Zergling x4  
  52  6:53  Drone x5  
  57  7:10  Overseer  
  57  7:19  Spire  
  56  7:24  Spore Crawler  
  56  7:26  Zerg Ground Armor Level 1  
  55  7:45  Spore Crawler  
  55  7:48  Drone x5  
  55  7:49  Hatchery  
  58  8:00  Drone  
  58  8:01  Drone x2  
  58  8:02  Evolution Chamber  
  60  8:20  Overlord  
  60  8:22  Overlord  
  60  8:28  Hatchery  
  60  8:30  Queen  
  60  8:31  Queen  
  63  8:36  Mutalisk  
  63  8:37  Mutalisk x5  
  75  8:41  Overlord  
  75  8:43  Overlord  
  75  8:46  Zerg Flyer Weapons Level 1  
  75  8:53  Overlord  
  75  9:16  Mutalisk  
  75  9:17  Spore Crawler, Mutalisk x11, Spine Crawler  
  77  9:19  Spore Crawler, Zerg Melee Weapons Level 2  
  77  9:24  Queen  
  98  9:48  Drone x2  
  98  9:49  Drone x5  
  105  9:58  Drone x2  
  107  10:14  Infestation Pit  
  107  10:18  Spore Crawler  
  107  10:20  Spore Crawler  
  104  10:22  Spine Crawler, Overseer  
  104  10:25  Drone x3  
  104  10:28  Extractor  
  105  10:30  Extractor  
  105  10:32  Zergling x2  
  105  10:33  Hydralisk Den  
  104  10:39  Drone x2  
  106  10:52  Drone x3  
  106  10:53  Drone x3  
  112  10:59  Overlord x2  
  112  11:26  Lurker Den  
  121  11:56  Baneling Nest  
Show
View Real Time Build Order
Export as new Build Order

GrandNewbian Terran - Winner!

Build Orders: Gas First Reaper Expand, Hellion Banshee 

Get SALT Encoding   

  12  0:01  SCV  
  13  0:13  SCV  
  14  0:18  Supply Depot  
  14  0:25  SCV  
  14  0:28  Refinery  
  15  0:40  SCV  
  16  0:45  Barracks  
  16  0:52  SCV  
  17  1:04  SCV  
  18  1:16  SCV  
  19  1:32  Orbital Command  
  19  1:33  Reaper  
  20  1:52  Command Center  
  20  2:01  SCV  
  20  2:05  Factory  
  21  2:12  Barracks Reactor  
  21  2:17  Supply Depot  
  21  2:18  SCV  
  22  2:35  SCV  
  23  2:47  SCV  
  24  2:59  SCV  
  25  3:05  Starport  
  25  3:08  Hellion x2  
  25  3:11  SCV  
  30  3:15  Orbital Command  
  30  3:16  Barracks Tech Lab  
  30  3:22  Refinery  
  30  3:28  SCV  
  30  3:35  Hellion, Marauder  
  30  3:36  Hellion  
  30  3:41  Supply Depot  
  36  3:42  SCV x2  
  38  3:57  Hellion x2  
  42  4:03  Banshee  
  42  4:08  Command Center  
  45  4:15  SCV x2  
  47  4:20  Hellion  
  49  4:24  Supply Depot  
  49  4:27  SCV  
  49  4:29  SCV  
  51  4:35  Hellion  
  53  4:40  SCV  
  54  4:46  Hellion  
  56  4:53  Banshee  
  56  4:59  SCV x2  
  61  5:11  SCV  
  62  5:15  Refinery  
  62  5:16  Refinery  
  62  5:20  SCV  
  63  5:23  SCV  
  64  5:32  SCV  
  64  5:35  SCV  
  60  5:56  Hellion x2  
  64  5:58  Orbital Command  
  64  6:04  Factory x2  
  64  6:07  Factory  
  64  6:10  Barracks Reactor  
  64  6:12  Factory  
  66  6:18  Supply Depot  
  66  6:19  Hellion x2  
  66  6:21  Raven  
  70  6:28  Engineering Bay  
  70  7:14  Hellion x2  
  74  7:17  Factory Tech Lab  
  74  7:18  Factory Tech Lab  
  74  7:21  Factory Tech Lab  
  74  7:25  Cyclone x2  
  82  7:38  Raven  
  82  7:44  Supply Depot  
  82  7:54  Hellion  
  84  8:01  Hellion, Siege Tank x2, Supply Depot x2  
  84  8:04  Supply Depot  
  92  8:09  Siege Tank  
  92  8:10  Hellion x2  
  99  8:14  SCV x2  
  101  8:23  SCV  
  101  8:26  SCV  
  103  8:29  Armory  
  103  8:30  Armory  
  103  8:32  Supply Depot  
  103  8:33  Hellion x4  
  111  8:45  Missile Turret x2  
  111  8:48  Missile Turret  
  111  8:50  Missile Turret  
  111  8:54  Missile Turret x2  
  111  8:57  Missile Turret  
  111  9:14  Hellion x3  
  111  9:15  Hellion  
  119  9:23  Thor x2  
  131  9:30  Thor  
  131  9:31  Supply Depot  
  137  9:34  Supply Depot  
  129  9:51  Infernal Pre-Igniter  
  129  10:10  Orbital Command  
  129  10:53  Missile Turret  
  129  10:55  Refinery, Missile Turret  
  129  10:56  Refinery  
  129  10:57  Siege Tank x2  
  129  10:58  Hellion x4  
  143  11:23  Factory  
  143  11:29  Siege Tank x2  
  143  11:30  Hellion x4  
Tags
 
Add a new tag
Caveats
  • Supply blocks, unpowered buildings, or Contaminate may cause inaccurate times.
  • Supply counts are checked every 10 seconds.